AoeStats
← KartaL-tr77

Glade

510415451Analyzed
1v1 RM · 1d ago on Sep 30, 2026· 67m 1s· 2 players
Game mode
Random Map
Map size
Tiny (2 player)
Population
200
Speed
Normal
Resources
Standard
Victory
Conquest
Starting age
Dark Age
Ending age
Imperial Age
RankedLock teamsTeams togetherTeam positionsShared explorationLock speedFull tech treeHidden civsTurbo modeCheats
Victory
Defeat
🇬🇹 Bulgarians · Guatemala
957
+16
🇹🇷 Vietnamese · Türkiye
967
-16
DarkAngel2173
0:38 Loom
11:22 Feudal Age
18:42 Castle Age
20:01 Fletching
20:01 Horse Collar
21:26 Heavy Plow
21:22 Double-Bit Axe
23:53 Scale Barding Armor
24:00 Forging
28:37 Ballistics
32:52 Bow Saw
33:08 Stone Mining
33:09 Gold Mining
35:03 Chain Barding Armor
35:43 Redemption
38:16 Imperial Age
35:36 Town Watch
39:25 Onager
39:37 Heavy Scorpion
41:39 Stone Shaft Mining
41:39 Gold Shaft Mining
41:34 Conscription
41:26 Bagains
43:58 Plate Barding Armor
43:00 Capped Ram
46:33 Chemistry
47:18 Bodkin Arrow
47:20 Siege Ram
48:42 Gambesons
48:20 Pikeman
48:46 Arson
49:02 Squires
49:14 Scale Mail Armor
49:14 Bracer
49:51 Iron Casting
49:17 Padded Archer Armor
51:54 Chain Mail Armor
52:39 Blast Furnace
51:57 Leather Archer Armor
53:27 Plate Mail Armor
58:36 Crop Rotation
57:38 Elite Konnik
58:17 Stirrups
KartaL-tr77
9:40 Feudal Age
10:31 Loom
10:32 Town Watch
11:13 Double-Bit Axe
11:12 Horse Collar
22:53 Castle Age
23:22 Forging
23:13 Scale Mail Armor
23:37 Padded Archer Armor
23:34 Gold Mining
23:58 Bow Saw
32:54 Imperial Age
31:03 Fletching
31:25 Elite Skirmisher
33:51 Wheelbarrow
33:21 Bodkin Arrow
35:35 Chemistry
35:00 Bracer
35:37 Squires
34:58 Pikeman
37:56 Leather Archer Armor
39:18 Hand Cart
40:54 Two-Man Saw
41:51 Paper Money
41:55 Halberdier
44:01 Hoardings
44:58 Heavy Plow
51:17 Siege Engineers
51:33 Ballistics
54:44 Masonry
62:23 Ring Archer Armor
63:20 Iron Casting
63:00 Chain Mail Armor
Connection lost

Rejoining the realm…

Still unreachable

The connection could not be restored.

Session expired

The server has moved on; the page needs a fresh start.